 Dungeon Crawl Stone Soup version 0.26.0-10-g1f06aea511 (webtiles) character file.

Game seed: 17065026257127451823

758 sanka the Covert (level 7, -2/32 HPs)
             Began as a Spriggan Enchanter on Jan 29, 2021.
             Was an Initiate of Ru.
             Shot with an arrow by a centaur (19 damage)
             ... on level 6 of the Dungeon.
             The game lasted 00:08:16 (5649 turns).

sanka the Covert (Spriggan Enchanter)               Turns: 5649, Time: 00:08:17

Health: -2/32      AC:  3    Str:  4    XL:     7   Next: 50%
Magic:  10/12      EV: 18    Int: 17    God:    Ru [......]
Gold:   283        SH:  0    Dex: 18    Spells: 6/12 levels left

rFire    . . .     SeeInvis +   a - +1 dagger (venom)
rCold    . . .     Faith    .   (shield restricted)
rNeg     . . .     Spirit   .   b - +0 robe
rPois    +         Reflect  .   (helmet restricted)
rElec    .         Harm     .   c - +0 cloak
rCorr    .         Rampage  .   (gloves unavailable)
Will     +....                  (boots unavailable)
Stlth    ++++......             (no amulet)
HPRegen  0.10/turn              (no ring)
MPRegen  0.13/turn              n - ring of poison resistance

@: very quick
A: very small, unfitting armour, see invisible, speed 3
a: Renounce Religion


You were on level 6 of the Dungeon.
You worshipped Ru.
Ru was noncommittal.
You visited 2 branches of the dungeon, and saw 7 of its levels.

You collected 283 gold pieces.


Innate Abilities, Weirdness & Mutations

You are very small and have problems with some larger weapons.
You are too small for most types of armour.
You have supernaturally acute eyesight. (SInv)
You cover ground extremely quickly.


   Skills:
 - Level 5.0 Short Blades
 - Level 3.0 Dodging
 - Level 8.0 Stealth
 - Level 3.0 Spellcasting
 + Level 7.5 Hexes


You had 6 spell levels left.
You knew the following spells:

 Your Spells              Type           Power        Failure   Level
x - Confusing Touch       Hex            28%          2%          3
z - Ensorcelled Hibernat  Hex/Ice        30%          5%          2
Z - Corona                Hex            31%          1%          1

Your spell library contained the following spells:

 Spells                   Type           Power        Failure   Level
 Tukima's Dance           Hex            28%          2%          3
 Dazzling Flash           Conj/Hex       30%          11%         3

Inventory:

Hand Weapons
 a - a +1 dagger of venom (weapon)
 t - a +0 morningstar
 y - a +2 hand axe of electrocution
Missiles
 e - a throwing net {=f}
 h - 33 poisoned darts
Armour
 b - a +0 robe (worn)
 c - a +0 cloak (worn)
Jewellery
 n - a ring of poison resistance (right hand)
Wands
 i - a wand of polymorph (12)
 s - a wand of random effects (17)
Scrolls
 f - 4 scrolls of magic mapping
 g - a scroll of enchant weapon
 k - a scroll of blinking
 q - 2 scrolls of teleportation {@r4}
 v - a scroll of remove curse
 w - a scroll of fog
Potions
 d - 2 potions of lignification {unknown}
 j - a potion of flight {unknown}
 l - a potion of brilliance {unknown}
 m - 4 potions of heal wounds {@q2}
 o - 3 potions of curing {@q1}
 p - a potion of attraction {unknown}
 r - a potion of ambrosia {unknown}
 u - 2 potions of degeneration {unknown}
 x - 2 potions of mutation {unknown}
 z - a potion of invisibility {unknown}

Dungeon Overview and Level Annotations

Branches:
Dungeon (6/15)             Temple (1/1) D:5

Altars:
Cheibriados
Dithmenos
Fedhas
Gozag
Hepliaklqana
Kikubaaqudgha
Makhleb
Nemelex Xobeh
Qazlal
Ru
Sif Muna
Trog
Uskayaw
Vehumet
Wu Jian
Xom
Yredelemnul
Zin
The Shining One

Shops:
D:5

( Z▒▒▒▒.▒▒▒...
.....>....c
▒.........▒
▒.......5.▒ .▒ .▒
▒..o......▒ ▒.▒..▒
▒.o..#....▒ ▒▒▒.▒.▒
........o.▒ ......
▒..F..▒ ▒.▒.▒ ▒.▒▒▒i▒▒
▒...▒ ▒ ▒▒▒..▒▒▒.▒.▒
▒..........▒ ▒▒▒
▒.▒▒..▒▒.▒.▒ ..▒▒▒
.......▒▒.▒.▒ ▒.....
▒........▒.▒.▒▒▒.....
▒......▒.▒.▒.....▒
▒....!.▒.▒.▒....▒▒
.......▒........▒▒▒▒▒▒


You could see a bullfrog, a centaur, 2 orc wizards, a white imp and an orc.


Message History

An orc wizard comes into view. It is wielding a +0 dagger.
An orc wizard comes into view. It is wielding a +3 dagger.
Found an escape hatch in the floor.
A white imp comes into view.
The bullfrog croaks.
The orc wizard shouts!
The white imp shouts!
The orc wizard shouts!
You hear an angry hiss.
A centaur comes into view.
The bullfrog misses you.
Aiming: Ensorcelled Hibernation (safe; 5% risk of failure)
Aim: a bullfrog (chance to affect: 46%)
The bullfrog resists with some effort.
The centaur shouts!
The centaur wields a +3 shortbow.
The centaur shoots an arrow.
The arrow hits you! The bullfrog barely misses you.
The orc wizard casts a spell at itself.
The orc wizard flickers and vanishes for a moment.
An adder skeleton comes into view.
The bullfrog hits you.
Unknown command.
The orc wizard mumbles some strange words.
The orc wizard blinks!
The centaur shoots an arrow.
The arrow hits you!!
Ouch! That really hurt!
You die...

Action                   |  1- 3 |  4- 6 |  7- 9 || total
-------------------------+-------+-------+-------++-------
Melee: Dagger            |   135 |   171 |    16 ||   322
 Cast: Corona            |    11 |       |       ||    11
       Ensorcelled Hiber |     2 |    12 |    14 ||    28
       Confusing Touch   |       |     3 |       ||     3
  Use: Scroll            |       |    10 |       ||    10
 Stab: Sleeping          |     9 |    18 |     6 ||    33
       Distracted        |     1 |       |       ||     1
       Confused          |       |     2 |       ||     2
Armor: Robe              |    15 |     6 |     1 ||    22
Dodge: Dodged            |   108 |   129 |    15 ||   252

Levels and vault maps discovered:
D:1:      scummos_arrival_gate, layout_basic
D:2:      layout_rooms, cheibriados_altar_1, nicolae_overflow_crystal_walls,
          minivault_26, minmay_misc_feat_secret_circle, hangedman_decor_lopped
D:3:      layout_rooms, nicolae_qazlal_style_of_elements, tso_altar
D:4:      cheibrodos_fertilizer, layout_layer_cave, kennysheep_mini_moat,
          lemuel_crystal_altar, marbit_many_paths, lemuel_blue_sif_altar
D:5:      layout_cave_pools, minmay_temple_entry_trees, serial_shops,
          nicolae_shop_waterfront
D:6:      cheibrodos_iron_armory, layout_basic, old_standard_altar,
          kennysheep_little_box, serial_bayou, serial_bayou_crossing,
          serial_bayou_lake_a, serial_bayou_shore_a, serial_bayou_pond_c,
          basic_altar
Temple:   nicolae_temple_x_marks_the_god

Notes
Turn   | Place    | Note
-------+----------+-------------------------------------------
     0 | D:1      | sanka the Spriggan Enchanter began the quest for the Orb.
     0 | D:1      | Reached XP level 1. HP: 9/9 MP: 5/5
   182 | D:1      | Reached skill level 5 in Stealth
   227 | D:1      | Reached XP level 2. HP: 13/13 MP: 3/6
   348 | D:1      | Reached skill level 6 in Stealth
   830 | D:1      | Reached XP level 3. HP: 16/16 MP: 8/8
  1039 | D:1      | Learned a level 3 spell: Confusing Touch
  1042 | D:1      | Learned a level 2 spell: Ensorcelled Hibernation
  1142 | D:2      | Found a snail-covered altar of Cheibriados.
  1149 | D:2      | Reached skill level 7 in Stealth
  1462 | D:2      | Reached XP level 4. HP: 21/21 MP: 9/9
  1603 | D:2      | Found an ornate altar of the Wu Jian Council.
  1787 | D:3      | Reached skill level 8 in Stealth
  2219 | D:3      | Noticed an earth elemental
  2222 | D:3      | Found a stormy altar of Qazlal.
  2223 | D:3      | Noticed a water elemental
  2223 | D:3      | Noticed an air elemental
  2223 | D:3      | Noticed a fire elemental
  2231 | D:3      | Reached skill level 2 in Short Blades
  2289 | D:3      | Found a glowing golden altar of the Shining One.
  2555 | D:4      | Found a shimmering altar of Xom.
  2590 | D:4      | Found a shimmering blue altar of Sif Muna.
  3154 | D:4      | Reached skill level 3 in Short Blades
  3154 | D:4      | Reached XP level 5. HP: 24/24 MP: 7/10
  3452 | D:4      | Reached skill level 4 in Short Blades
  3733 | D:4      | Noticed an ice beast
  3743 | D:4      | Killed an ice beast
  3744 | D:4      | Reached skill level 5 in Short Blades
  3744 | D:4      | Reached XP level 6. HP: 12/28 MP: 7/11
  3936 | D:4      | Found a radiant altar of Vehumet.
  4086 | D:4      | Found a blossoming altar of Fedhas.
  4335 | D:5      | Entered Level 5 of the Dungeon
  4335 | D:5      | Noticed a sky beast
  4339 | D:5      | Killed a sky beast
  4340 | D:5      | Reached skill level 3 in Spellcasting
  4340 | D:5      | Reached skill level 4 in Hexes
  4387 | D:5      | Reached skill level 5 in Hexes
  4652 | D:5      | Found a staircase to the Ecumenical Temple.
  4734 | D:5      | Found Lufomem's Weapon Boutique.
  4739 | D:5      | Reached skill level 6 in Hexes
  4739 | D:5      | Reached XP level 7. HP: 32/32 MP: 12/12
  5214 | Temple   | Entered the Ecumenical Temple
  5277 | Temple   | Became a worshipper of Ru the Awakened
  5325 | D:5      | Reached skill level 7 in Hexes
  5649 | D:6      | Shot with an arrow by a centaur

Vanquished Creatures
  An orc warrior (D:5)
  A sky beast (D:5)
  An ice beast (D:4)
  A water moccasin skeleton (D:5)
  A scorpion (D:5)
  A howler monkey (D:5)
  2 jellies (D:4)
  A hound (D:5)
  2 orc wizards
  A worker ant (D:5)
  5 adders
  8 oozes (D:4)
  2 adder skeletons
  A worm (D:4)
  A dart slug (D:3)
  2 leopard geckos (D:1)
  3 orcs
  A ball python (D:5)
  6 giant cockroaches
  10 goblins
  6 hobgoblins
  6 jackals
  14 kobolds
  3 quokkas
  11 bats
  3 frilled lizards
  A quokka skeleton (D:4)
  8 rats
103 creatures vanquished.

Vanquished Creatures (others)
  4 fungi (D:4)
  2 plants (D:6)
  8 toadstools (D:4)
14 creatures vanquished.

Grand Total: 117 creatures vanquished

Table legend: (Time is in decaauts)
 A = Elapsed time spent in this place.
 B = Non-inter-level travel time spent in this place.
 C = Inter-level travel time spent in this place.
 D = Time resting spent in this place.
 E = Time spent auto-exploring this place.
 F = Levels seen in this place.
 G = Mean time per level.
                   A        B        C        D        E       F      G
               +--------+--------+--------+--------+--------+-----+--------+
         Total |   4476 |   4318 |    158 |   2078 |   1513 |   7 |  639.4 |
       Dungeon |   4433 |   4286 |    147 |   2078 |   1483 |   6 |  738.8 |
        Temple |     43 |     32 |     11 |      0 |     30 |   1 |   43.0 |
               +--------+--------+--------+--------+--------+-----+--------+

Top non-repeatable levels by time:
     D:4: 1415 daAuts
     D:5: 1019 daAuts
     D:1: 796 daAuts
     D:3: 629 daAuts
     D:2: 521 daAuts
     D:6: 50 daAuts
  Temple: 43 daAuts
